 Dungeon Crawl Stone Soup version 0.31.0-11-ge490571c62 (webtiles) character file.

Game seed: 8929271700969799451

21 bearlyready the Conjurer (level 2, -1/20 HPs)
             Began as a Gnoll Conjurer on Feb 8, 2024.
             Slain by a ribbon worm (7 damage)
             ... on level 2 of the Dungeon on Feb 9, 2024.
             The game lasted 00:03:49 (437 turns).

bearlyready the Conjurer (Gnoll Conjurer)            Turns: 437, Time: 00:03:49

Health: -1/20      AC:  2    Str:  6    XL:     2   Next: 83%
Magic:  5/7        EV: 13    Int: 17    God:
Gold:   0          SH:  0    Dex: 10    Spells: 7/10 levels left

rFire   . . .        (no weapon)
rCold   . . .        (no shield)
rNeg    . . .        a - +0 robe
rPois   .            (no helmet)
rElec   .            (no cloak)
rCorr   .            (no gloves)
SInv    .            (no boots)
Will    .....        (no amulet)
Stlth   ++           (no ring)
HPRegen 0.23/turn    (no ring)
MPRegen 0.10/turn

%: no passive effects
@: brilliant
A: fangs 1, strong nose, distributed training
a: no special abilities


You were on level 2 of the Dungeon.
You visited 1 branch of the dungeon, and saw 2 of its levels.

Inventory:

Missiles
 e - 4 boomerangs
Armour
 a - a +0 robe (worn)
Jewellery
 g - a ring of ice
 i - a ring of fire
Scrolls
 d - a scroll of identify {unknown}
 f - 4 scrolls of amnesia {unknown}
 h - 3 scrolls of enchant weapon {unknown}
Potions
 b - a potion of magic


   Skills:
 + Level 0.5 Fighting
 + Level 0.5 Short Blades
 + Level 0.5 Long Blades
 + Level 0.5 Axes
 + Level 0.5 Maces & Flails
 + Level 0.5 Polearms
 + Level 0.5 Staves
 + Level 0.5 Ranged Weapons
 + Level 0.5 Throwing
 + Level 0.5 Armour
 + Level 4.5 Dodging
 + Level 4.1 Stealth
 + Level 0.5 Shields
 + Level 0.5 Unarmed Combat
 + Level 4.9 Spellcasting
 + Level 7.0 Conjurations
 + Level 0.4 Hexes
 + Level 0.4 Summonings
 + Level 0.4 Necromancy
 + Level 0.4 Translocations
 + Level 0.4 Fire Magic
 + Level 0.4 Ice Magic
 + Level 0.4 Air Magic
 + Level 0.4 Earth Magic
 + Level 0.4 Alchemy
 + Level 0.7 Invocations
 + Level 0.5 Evocations
 + Level 0.5 Shapeshifting


You had 7 spell levels left.
You knew the following spells:

 Your Spells              Type           Power      Damage    Failure   Level
a - Magic Dart            Conj           100%       1d8       1%          1
b - Searing Ray           Conj           84%        2d7       1%          2

Your spell library contained the following spells:

 Spells                   Type           Power      Damage    Failure   Level
 Fulminant Prism          Conj/Alch      12%        3d9       30%         4
 Iskenderun's Mystic Bla  Conj/Tloc      25%        2d7       30%         4


Dungeon Overview and Level Annotations

Branches:
Dungeon (2/15)

Altars:


Innate Abilities, Weirdness & Mutations

You have very sharp teeth.
Your uncanny sense of smell can sniff out nearby items.
Your experience applies equally to all skills.


Message History

The adder is moderately wounded.
You feel sick. The adder bites you.
* * * LOW HITPOINT WARNING * * *
You are lethally poisoned!
The adder poisons you!
It was a potion of brilliance.
You feel clever all of a sudden.
* * * LOW HITPOINT WARNING * * *
You feel sick. The adder barely misses you. The adder closely misses you.
It was a potion of curing.
You feel better. The adder misses you.
Welcome back, bearlyready the Gnoll Conjurer.
Press ? for a list of commands and other information.
You hit the adder.
The adder is heavily wounded.
The adder bites you but does no damage.
You hit the adder.
The adder is severely wounded.
The adder misses you. The adder barely misses you.
You hit the adder but do no damage.
The adder is severely wounded.
The adder bites you.
* * * LOW HITPOINT WARNING * * *
You hit the adder but do no damage.
The adder is severely wounded.
The adder bites you but does no damage.
Cast which spell? (? or * to list)
Aiming: Magic Dart (safe; 1% risk of failure)
Press: ? - help, Shift-Dir - straight line, f - adder
Aim: an adder (severely wounded, 100% to hit)
You feel a surge of power!
The magic dart hits the adder!
You kill the adder!
Casting: Magic Dart (safe; 1% risk of failure)
Confirm with . or Enter, or press ? or * to list all spells.
Aiming: Magic Dart (safe; 1% risk of failure)
Press: ? - help, Shift-Dir - straight line, f - ribbon worm
Aim: a ribbon worm (100% to hit)
You feel a surge of power!
The magic dart hits the ribbon worm.
The ribbon worm is moderately wounded.
The ribbon worm bites you!
You die...

###############
#######..............
#....##'####...#####
#.........##.#.#
#.........##.#.# ..
#.........+..#.#####.#
..........####.......#
..........##.....##..#
..........##.###@##..#
.....[....##+###w##..# .
.####.........##.##..##..~⌠
.# ####......#....?†w...~~
.# ####......#............
.# #.........#.........##.
.# #...<###+##.........# .#
#....# #.........# .#
####..... #.........#


You could see a ribbon worm.

Vanquished Creatures
  An adder (D:2)
  2 ball pythons (D:1)
  2 giant cockroaches (D:1)
  2 goblins
  A bat (D:1)
  A kobold (D:1)
  3 rats
12 creatures vanquished.

Notes
Turn   | Place    | Note
-------+----------+-------------------------------------------
     0 | D:1      | bearlyready the Gnoll Conjurer began the quest for the Orb.
     0 | D:1      | Reached XP level 1. HP: 13/13 MP: 6/6
   222 | D:1      | Reached XP level 2. HP: 18/19 MP: 0/7
   324 | D:1      | Learned a level 2 spell: Searing Ray
   349 | D:1      | You fall into a shaft and drop 1 floor!
   430 | D:2      | HP: 1/20 [poisoned by an adder]
   437 | D:2      | Slain by a ribbon worm

Illustrated notes

Levels and vault maps discovered:
D:1:      minmay_arrival_stair_chambers, layout_basic
D:2:      layout_basic, serial_shops, shop, minmay_misc_feat_alley,
          corexii_leaking_fountain

Action                     || total
---------------------------++-------
  Melee: Unarmed           ||    33
         Bite              ||     2
   Cast: Magic Dart        ||    15
    Use: Potion            ||     2
 Armour: Robe              ||    26
  Dodge: Dodged            ||    32
